Map: Dasan Station LE

Players

puCK (Nina)

  • Race: Protoss Protoss

Scarlett - Winner!

  • Race: Zerg Zerg

Event: 2016 WCS Summer Circuit Championship (DH Montreal)

VOD

Have the link to the VOD?

Description

Time

  • Played on: Aug. 12, 2016, 10:42 p.m.
  • Length: 4:57

All games in this series

Show
View Real Time Build Order
Export as new Build Order

puCK Protoss 

Build Orders:  

Get SALT Encoding   

  12  0:00  Probe (Chrono Boost)  
  13  0:11  Probe (Chrono Boost)  
  14  0:17  Pylon  
  14  0:22  Probe (Chrono Boost)  
  16  0:35  Probe (Chrono Boost)  
  16  0:42  Gateway  
  16  0:46  Probe (Chrono Boost)  
  17  0:52  Assimilator  
  17  0:56  Probe (Chrono Boost)  
  18  1:07  Probe (Chrono Boost)  
  19  1:18  Probe (Chrono Boost)  
  20  1:26  Zealot  
  20  1:29  Probe (Chrono Boost)  
  23  1:35  Pylon  
  23  1:45  Cybernetics Core  
  24  1:54  Probe (Chrono Boost)  
  24  1:56  Zealot  
  26  2:25  Zealot  
  26  2:26  Mothership Core (Chrono Boost)  
  20  2:46  Probe (Chrono Boost)  
  20  2:48  Pylon  
  21  2:53  Adept  
  23  2:59  Pylon  
  23  3:10  Robotics Facility  
  21  3:18  Pylon  
  21  3:26  Pylon  
  22  3:34  Probe (Chrono Boost)  
  19  3:53  Gateway  
  19  3:54  Gateway  
  19  3:59  Mothership Core (Chrono Boost)  
Show
View Real Time Build Order
Export as new Build Order

Scarlett Zerg - Winner!

Build Orders: Pool First 

Get SALT Encoding   

  12  0:00  Drone  
  13  0:27  Drone  
  14  0:30  Spawning Pool  
  14  0:32  Drone  
  14  0:59  Hatchery  
  14  1:03  Overlord  
  13  1:14  Extractor  
  13  1:16  Zergling x4  
  15  1:21  Zergling x2  
  16  1:27  Zergling x2  
  17  1:38  Zergling x2  
  18  1:50  Queen  
  20  1:57  Zergling x2  
  20  2:09  Zergling x2  
  20  2:12  Zergling x2  
  20  2:13  Queen  
  24  2:22  Zergling x2  
  25  2:27  Zergling x2  
  23  2:36  Zergling x2  
  22  2:37  Zergling x2  
  22  2:40  Spine Crawler  
  22  2:43  Zergling x2  
  21  2:58  Queen  
  23  3:14  Zergling x6  
  25  3:27  Zergling x4  
  25  3:41  Zergling x6  
  28  3:51  Overlord  
  28  4:08  Zergling x2  
Tags
 
Add a new tag
Caveats
  • Supply blocks, unpowered buildings, or Contaminate may cause inaccurate times.
  • Supply counts are checked every 10 seconds.